 Dungeon Crawl Stone Soup version 0.28-a0-313-gbc0475efdd (webtiles) character file.

Game seed: 5453409583802119926

125125 Shayle the Black Belt (level 17, -5/189 HPs)
             Began as a Djinni Warper on Aug 31, 2021.
             Was the Champion of Makhleb.
             Slain by a wolf spider (11 damage)
             ... on level 1 of the Spider Nest on Sept 1, 2021.
             The game lasted 02:00:43 (27705 turns).

Shayle the Black Belt (Djinni Warper)              Turns: 27705, Time: 02:00:48

Health: -5/189     AC: 12    Str: 14    XL:     17   Next: 49%
Gold:   2113       EV: 18    Int: 22    God:    Makhleb [******] SH:  0 Dex: 19

rFire   + + .      SeeInvis +     - Unarmed
rCold   x . .      Faith    .   c - +0 buckler
rNeg    . . .      Spirit   .   h - +3 leather armour "Kuygapto" {+Inv Str+4}
rPois   ∞          Reflect  .   m - +2 helmet
rElec   .          Harm     .   (no cloak)
rCorr   .          Rampage  .   Y - +2 pair of gloves
Will    +....                   (boots unavailable)
Stlth   ..........              o - amulet of regeneration
HPRegen 1.41/turn               r - ring of see invisible
MPRegen 0.00/turn               M - +6 ring of dexterity

@: confused, berserking, flying, very quick
A: sickness immunity, fire resistance 2, cold vulnerability 1, float, innate
caster, hp casting, extra vitality 1
a: Renounce Religion, Evoke Invisibility, Minor Destruction, Lesser Servant of
Makhleb, Major Destruction, Greater Servant of Makhleb


You were on level 1 of the Spider Nest.
You worshipped Makhleb.
Makhleb was exalted by your worship.
You visited 5 branches of the dungeon, and saw 26 of its levels.
You also visited: Bailey.

You collected 2726 gold pieces.
You spent 613 gold pieces at shops.

Inventory:

Hand Weapons
 a - the +9 battleaxe "Goohinim" {vorpal, Str+4}
   (You took it off a tengu warrior on level 13 of the Dungeon)

   It inflicts extra damage upon your enemies.
   Str:       It affects your strength (+4).
 S - the +8 trident of the Octopus King {venom, rElec rPois Will+}
   (You found it on level 6 of the Lair of Beasts)

   It poisons the flesh of those it strikes.
   rElec:     It insulates you from electricity.
   rPois:     It protects you from poison.
   Will:      It increases your willpower.
 V - the +6 hand axe of Vadamuv {protect, Int+2 Stlth+}
   (You found it on level 11 of the Dungeon)

   It grants its wielder temporary protection when it strikes (+7 to AC).
   Int:       It affects your intelligence (+2).
   Stlth:     It makes you more stealthy.
Missiles
 e - 2 throwing nets (quivered)
 f - 7 atropa-tipped darts
 t - 13 boomerangs
 I - 4 curare-tipped darts
Armour
 c - a +0 buckler (worn)
 h - the +3 leather armour "Kuygapto" (worn) {+Inv Str+4}
   (You bought it in a shop on level 12 of the Dungeon)

   Str:       It affects your strength (+4).
   +Inv:      It lets you turn invisible.
 m - a +2 helmet (worn)
 w - a +3 leather armour of cold resistance
 P - a +2 troll leather armour {Snorg}
 Y - a +2 pair of gloves (worn)
Jewellery
 o - an amulet of regeneration (around neck)
 r - a ring of see invisible (left hand)
 C - a +4 ring of evasion
 E - a ring of resist corrosion
 M - a +6 ring of dexterity (right hand)
 N - a ring of protection from cold
 O - the ring "Erizaer" {rElec rN+ MP+9 Str-2 Int+4}
   (You found it on level 6 of the Lair of Beasts)

   [ring of magical power]

   Str:       It affects your strength (-2).
   Int:       It affects your intelligence (+4).
   rElec:     It insulates you from electricity.
   rN:        It protects you from negative energy.
   MP:        It affects your magic capacity (+9).
 W - an amulet of reflection
Wands
 l - a wand of polymorph (4)
 p - a wand of iceblast (21)
 q - a wand of mindburst (14)
 u - a wand of digging (4)
 B - a wand of flame (41)
 K - a wand of charming (4)
 Q - a wand of acid (7)
 Z - a wand of paralysis (4)
Scrolls
 g - a scroll of immolation
 v - 5 scrolls of teleportation
 x - 2 scrolls of enchant weapon
 y - 2 scrolls of brand weapon
 z - 3 scrolls of magic mapping
 A - 10 scrolls of identify
 D - 3 scrolls of fear
 H - 4 scrolls of fog
 J - a scroll of holy word
 X - a scroll of silence
Potions
 b - 3 potions of brilliance
 d - 4 potions of lignification
 i - 2 potions of might
 k - 6 potions of attraction
 n - 3 potions of mutation
 s - 2 potions of cancellation
 F - a potion of berserk rage
 G - 8 potions of ambrosia
 L - 11 potions of curing
 R - 5 potions of heal wounds
 U - 2 potions of haste


   Skills:
 + Level 13.1 Fighting
 - Level 0.7 Throwing
 - Level 1.0 Armour
 + Level 9.8 Dodging
 - Level 4.0 Shields
 + Level 16.2 Unarmed Combat
 + Level 10.5 Spellcasting
 * Level 12.0 Invocations


You couldn't memorise any spells.
You knew the following spells:

 Your Spells              Type           Power      Damage    Failure   Level
a - Blink                 Tloc           N/A        N/A       1%          2
b - Lesser Beckoning      Tloc           55%        N/A       1%          3
c - Gell's Gravitas       Tloc           27%        N/A       1%          3
d - Teleport Other        Tloc           55%        N/A       1%          3
e - Manifold Assault      Tloc           55%        N/A       2%          5
f - Shock                 Conj/Air       100%       1d9       1%          1
g - Slow                  Hex            55%        N/A       1%          2
h - Passwall              Tmut/Erth      45%        N/A       1%          2
i - Stone Arrow           Conj/Erth      100%       3d13      1%          3
j - Iskenderun's Mystic   Conj/Tloc      55%        2d12      1%          4
k - Lightning Bolt        Conj/Air       27%        1d44      2%          5
l - Starburst             Conj/Fire      27%        6d9       14%         6
m - Dispersal             Tloc           27%        N/A       14%         6
Your spell library was empty.

Dungeon Overview and Level Annotations

Branches:
Dungeon (15/15)            Temple (1/1) D:5            Lair (6/6) D:8
  Swamp (0/4) Lair:3       Spider (2/4) Lair:3        Slime (0/5) Lair:6
    Orc (2/2) D:10            Elf (0/3) Orc:2        Vaults (0/5) D:14
 Depths (0/5) D:15         Bailey (visited)

Altars:
Ashenzari
Cheibriados
Dithmenos
Elyvilon
Fedhas
Gozag
Hepliaklqana
Kikubaaqudgha
Makhleb
Nemelex Xobeh
Okawaru
Qazlal
Ru
Sif Muna
Trog
Uskayaw
Vehumet
Wu Jian
Xom
Yredelemnul
Zin
The Shining One
Ignis
Jiyva

Shops:
D:4 =   D:5 *   D:12 [   Orc:1 !

Annotations:
D:5 2 runed translucent doors, krigyl's ghost, novice SpGl
D:6 1 runed translucent door, Pooter's ghost, novice MiBe
D:7 Harold
D:12 1 runed translucent door
Orc:2 Jorgrun


Innate Abilities, Weirdness & Mutations

You are immune to sickness and miasma.
You are immune to poison.
Your flesh is very heat resistant. (rF++)
You are vulnerable to cold. (rC-)
You float through the air rather than walking.
You learn spells naturally, not from books.
Your magical power is your life essence.
You have superior vitality. (+4 HP)


Message History

The wolf spider bites you but does no damage.
The tarantella misses you.
An entropy weaver comes into view.
The wolf spider hits you! The wolf spider closely misses you.
You block the wolf spider's attack.
The wolf spider bites you but does no damage.
The tarantella bites you!
You are confused.
The entropy weaver shouts!
The wolf spider hits you! The wolf spider bites you.
The tarantella closely misses you. The wolf spider completely misses you.
The wolf spider misses you.
The wolf spider hits you but does no damage.
The wolf spider bites you.
The tarantella bites you but does no damage.
The wolf spider closely misses you. The wolf spider barely misses you.
The moth of wrath bites you! The moth of wrath infuriates you!
A red film seems to cover your vision as you go berserk!
You feel yourself moving faster!
You feel mighty!
You fly upwards.
There is a stone staircase leading down here.
Unknown command.
You're too confused to move!
You feel a strong urge to attack something.
The wolf spider hits you!
* * * LOW HITPOINT WARNING * * *
The wolf spider completely misses you. The tarantella misses you.
The wolf spider hits you!!
* * * LOW HITPOINT WARNING * * *
The wolf spider bites you.
* * * LOW HITPOINT WARNING * * *
Okay, then.
You closely miss the wolf spider.
The wolf spider is almost dead.
The tarantella bites you but does no damage.
The wolf spider hits you!!
* * * LOW HITPOINT WARNING * * *
The wolf spider closely misses you. The wolf spider misses you.
The wolf spider bites you!
You die...

#.........##....###.##
#.......^.#.....#....#
###....#..##.........#
##.#...##..####........
######..######...#.##...##..
#^..##..####....##..######..
##.......##.....##....###...
#.....#..ss....###.......(.
##..###...@................
#....##...s#...............
#...^##...###..............
###^..####.##................
###.#..## ###.........##(....^
#....^## ######.†...##.....
####.....## ##.......#.....
#.#..##...# ####.......##.....
......##########...>...#####....#


You could see 2 wolf spiders and a tarantella (berserk).

Vanquished Creatures
  Agnes (D:15)
  An emperor scorpion (Lair:3)
  A stone giant (D:15)
  Nessos (D:15)
  4 boulder beetles
  16 hydras
  An ogre mage (D:14)
  4 catoblepae
  3 vault guards (D:14)
  A merfolk avatar (Lair:6)
  2 centaur warriors
  2 death knights (D:15)
  3 two-headed ogres
  3 tengu warriors
  Sonja (Lair:1)
  5 skeletal warriors
  A sea snake (Lair:6)
  2 bog bodies (Lair:3)
  A swamp dragon (shapeshifter) (D:13)
  Pikel (D:7)
  3 orc knights
  2 deep elf pyromancers
  A harpy (Lair:6)
  2 orb spiders
  4 ugly things
  An orc sorcerer (Orc:1)
  8 wolf spiders
  3 manticores
  3 cyclopes
  Joseph (D:7)
  10 elephants
  A torpor snail (Lair:6)
  4 black mambas
  11 cane toads
  4 gargoyles
  7 rime drakes
  An efreet (D:15)
  8 komodo dragons
  2 freezing wraiths (D:15)
  4 demonic crawlers (Spider:1)
  3 tengu conjurers
  3 trolls
  8 jumping spiders
  A queen bee (D:9)
  5 polar bears
  2 wind drakes (Lair:6)
  3 hornets
  10 slime creatures
  11 blink frogs
  Grinder (D:3)
  A snapping turtle (Lair:6)
  A snapping turtle (shapeshifter) (D:15)
  5 dream sheep (Lair:4)
  18 redbacks
  A shadow (D:12)
  38 yaks
  9 tarantellas (Spider:1)
  2 water elementals (D:11)
  5 wyverns
  3 wraiths
  A tarantella (shapeshifter) (D:15)
  A human (D:14)
  3 steam dragons
  9 vampire mosquitoes
  A warg (Orc:1)
  2 acid dragons
  9 water moccasins
  12 orc warriors
  4 ice beasts
  A black bear (Lair:2)
  A hornet zombie (D:8)
  4 ogres
  2 necrophages
  25 wolves
  7 centaurs
  2 phantoms
  8 bullfrogs
  2 kobold brigands
  A gnoll sergeant (D:7)
  A scorpion (D:4)
  A wyvern skeleton (D:5)
  A water moccasin skeleton (D:5)
  2 jellies (D:8)
  33 killer bees
  7 wights
  3 howler monkeys
  4 electric eels
  A centaur zombie (D:7)
  A crimson imp (D:3)
  5 orc priests
  A gnoll shaman (D:10)
  8 hounds
  2 bullfrog skeletons (D:6)
  3 iguanas
  3 centaur skeletons
  9 orc wizards
  A howler monkey zombie (D:9)
  Robin (D:2)
  22 gnolls
  8 adders
  2 white imps
  An ufetubus (D:6)
  A worm (D:3)
  3 dart slugs
  32 orcs
  6 ball pythons
  7 endoplasms
  5 giant cockroaches
  19 goblins
  8 hobgoblins
  A jackal (D:1)
  37 kobolds
  3 quokkas
  12 bats
  3 frilled lizards
  2 goblin zombies (D:3)
  2 hobgoblin zombies (D:3)
  4 orc skeletons (D:3)
  An orc zombie (D:3)
  7 rats
  A bush (Lair:4)
  A fire vortex (D:13)
634 creatures vanquished.

Vanquished Creatures (collateral kills)
  Snorg (Lair:5)
  A boulder beetle (D:13)
  A tengu warrior (D:13)
  2 slime creatures (D:13)
  3 blink frogs (Lair:3)
  2 basilisks
  A water moccasin (Lair:3)
11 creatures vanquished.

Vanquished Creatures (others)
  A jumping spider (Spider:2)
  A redback (Spider:2)
  2 orcs (D:7)
  51 fungi
  132 plants
187 creatures vanquished.

Grand Total: 832 creatures vanquished

Notes
Turn   | Place    | Note
-------+----------+-------------------------------------------
     0 | D:1      | Shayle the Djinni Warper began the quest for the Orb.
     0 | D:1      | Reached XP level 1. HP: 18/18 MP: 0/0
   262 | D:1      | Reached XP level 2. HP: 14/23 MP: 0/0
  1019 | D:1      | Reached XP level 3. HP: 23/29 MP: 0/0
  1019 | D:1      | Learned a level 1 spell: Shock
  1776 | D:1      | Reached skill level 3 in Unarmed Combat
  2097 | D:2      | Found a faded altar of an unknown god.
  2131 | D:2      | Reached XP level 4. HP: 28/34 MP: 0/0
  2141 | D:2      | Found a candlelit altar of Ignis.
  2952 | D:2      | Reached XP level 5. HP: 40/40 MP: 0/0
  2952 | D:2      | Learned a level 2 spell: Slow
  3156 | D:2      | Reached skill level 4 in Unarmed Combat
  3341 | D:2      | Noticed Robin
  3387 | D:2      | Killed Robin
  3824 | D:3      | Noticed Grinder
  3836 | D:3      | Reached XP level 6. HP: 43/46 MP: 0/0
  3943 | D:3      | Paralysed by Grinder for 7 turns
  3964 | D:3      | Killed Grinder
  3965 | D:3      | Reached skill level 5 in Unarmed Combat
  3965 | D:3      | Reached XP level 7. HP: 28/51 MP: 0/0
  3965 | D:3      | Learned a level 2 spell: Passwall
  4602 | D:3      | Found a glowing golden altar of the Shining One.
  4989 | D:4      | Found Pynt's Jewellery Emporium.
  5496 | D:4      | Reached skill level 6 in Unarmed Combat
  5807 | D:4      | Reached XP level 8. HP: 56/58 MP: 0/0
  6060 | D:5      | Entered Level 5 of the Dungeon
  6184 | D:5      | Found a large runed translucent door.
  6185 | D:5      | Found a large runed translucent door.
  6187 | D:5      | Noticed krigyl's ghost (novice SpGl)
  6809 | D:5      | Found a staircase to the Ecumenical Temple.
  6816 | Temple   | Entered the Ecumenical Temple
  7352 | D:5      | Reached skill level 5 in Fighting
  7452 | D:5      | Found a basalt altar of Yredelemnul.
  7461 | D:5      | Reached skill level 7 in Unarmed Combat
  7908 | D:5      | Found Zin's Purification Station.
  7911 | D:5      | Found a glowing silver altar of Zin.
  8000 | D:5      | Found a sparkling altar of Nemelex Xobeh.
  8403 | D:6      | Reached XP level 9. HP: 58/65 MP: 0/0
  8403 | D:6      | Learned a level 3 spell: Stone Arrow
  8555 | D:6      | Reached skill level 8 in Unarmed Combat
  8579 | D:6      | Found a runed translucent door.
  8579 | D:6      | Noticed Pooter's ghost (novice MiBe)
  8845 | D:6      | Reached skill level 5 in Spellcasting
  9032 | D:7      | Noticed Joseph
  9050 | D:7      | Killed Joseph
  9108 | D:7      | Found a burning altar of Makhleb.
  9137 | D:7      | Reached skill level 9 in Unarmed Combat
  9149 | D:7      | Became a worshipper of Makhleb the Destroyer
  9251 | D:7      | Noticed Harold
  9282 | D:7      | You are sucked into a shaft and drop 2 floors!
  9286 | D:9      | Found a bloodstained altar of Trog.
  9460 | D:7      | Found a stormy altar of Qazlal.
  9460 | D:7      | Found a broken altar of Ashenzari.
  9460 | D:7      | Found an opulent altar of Gozag.
  9460 | D:7      | Found a white marble altar of Elyvilon.
  9468 | D:7      | Found a shadowy altar of Dithmenos.
  9650 | D:7      | Reached XP level 10. HP: 35/73 MP: 0/0
  9736 | D:7      | Noticed Pikel
  9739 | D:7      | Killed Pikel
  9813 | D:7      | Reached * piety under Makhleb
  9814 | D:7      | Reached skill level 10 in Unarmed Combat
 10722 | D:8      | Found a staircase to the Lair.
 10771 | D:8      | Noticed a two-headed ogre
 10783 | D:8      | Killed a two-headed ogre
 10805 | D:8      | Reached skill level 11 in Unarmed Combat
 11224 | D:8      | Reached XP level 11. HP: 54/81 MP: 0/0
 11224 | D:8      | Learned a level 4 spell: Iskenderun's Mystic Blast
 11500 | D:9      | Found a shimmering altar of Xom.
 11545 | D:9      | Reached ** piety under Makhleb
 12074 | D:9      | Reached skill level 12 in Unarmed Combat
 12122 | D:9      | Reached *** piety under Makhleb
 12413 | D:10     | Entered Level 10 of the Dungeon
 12524 | D:10     | Found a staircase to the Orcish Mines.
 13186 | D:10     | You are sucked into a shaft and drop 2 floors!
 13198 | D:12     | Found a runed translucent door.
 13240 | D:12     | Found a flagged portal.
 13243 | D:12     | Noticed a two-headed ogre
 13246 | Bailey   | Entered a bailey
 13351 | Bailey   | Noticed an orc knight
 13408 | Bailey   | Reached **** piety under Makhleb
 13416 | Bailey   | Killed an orc knight
 13594 | D:12     | Noticed a two-headed ogre
 13771 | D:13     | Noticed an eight-headed hydra
 13797 | D:13     | Noticed a tengu warrior
 13835 | D:13     | Noticed a five-headed hydra
 13923 | D:12     | Noticed a purple ugly thing
 13946 | D:12     | Killed a purple ugly thing
 13970 | D:12     | Found Tiseir's Antique Armour Emporium.
 13977 | D:12     | Killed a two-headed ogre
 13978 | D:12     | Reached XP level 12. HP: 84/90 MP: 0/0
 13981 | D:12     | Bought an ichor-stained leather armour for 210 gold pieces
 13981 | D:12     | Identified the +3 leather armour "Kuygapto" {+Inv Str+4}
                  | (You bought it in a shop on level 12 of the Dungeon)
 14135 | D:12     | Found a broken altar of Ashenzari.
 14438 | D:12     | Killed a two-headed ogre
 14439 | D:12     | Reached skill level 13 in Unarmed Combat
 14666 | D:12     | Noticed a fire crab
 14680 | D:11     | Noticed a seven-headed hydra
 14752 | D:11     | Noticed a skeletal warrior
 14752 | D:11     | Noticed a skeletal warrior
 14753 | D:11     | Noticed a six-headed hydra
 14759 | D:11     | Killed a skeletal warrior
 14914 | D:11     | Noticed a four-headed hydra
 14925 | D:12     | Killed a four-headed hydra
 14984 | D:11     | Noticed a boulder beetle
 15009 | D:11     | HP: 3/91 [smoke demon/divine providence[the player
                  | character] (12)]
 15263 | D:11     | Killed a seven-headed hydra
 15264 | D:11     | Reached skill level 10 in Fighting
 15348 | Lair:1   | Entered Level 1 of the Lair of Beasts
 15350 | Lair:1   | Noticed an eight-headed hydra
 15356 | Lair:1   | Killed an eight-headed hydra
 15486 | Lair:1   | Noticed Sonja
 15487 | Lair:1   | Noticed a catoblepas
 15506 | Lair:1   | Killed a catoblepas
 15512 | Lair:1   | Killed Sonja
 15572 | Lair:1   | Noticed a five-headed hydra
 15577 | Lair:1   | Killed a five-headed hydra
 15578 | Lair:1   | Reached skill level 14 in Unarmed Combat
 15739 | Lair:1   | Reached XP level 13. HP: 85/97 MP: 0/0
 15739 | Lair:1   | Learned a level 5 spell: Lightning Bolt
 15780 | Lair:1   | Noticed a seven-headed hydra
 15784 | Lair:1   | Killed a seven-headed hydra
 16461 | Lair:2   | Identified the +5 buckler of Dunur {Harm Rampage rElec
                  | Will-}
 17090 | Lair:3   | Found a hole to the Spider Nest.
 17093 | Lair:3   | Reached skill level 1 in Invocations
 17198 | Lair:3   | Noticed a four-headed hydra
 17201 | Lair:3   | Killed a four-headed hydra
 17402 | Lair:3   | Reached ***** piety under Makhleb
 17809 | Lair:4   | Noticed a six-headed hydra
 17812 | Lair:4   | Noticed a catoblepas
 17814 | Lair:4   | Killed a six-headed hydra
 17823 | Lair:4   | Killed a catoblepas
 17824 | Lair:4   | Reached skill level 1 in Shields
 17839 | Lair:4   | Reached skill level 15 in Unarmed Combat
 17887 | Lair:4   | Reached XP level 14. HP: 93/105 MP: 0/0
 18701 | Lair:5   | Reached skill level 5 in Invocations
 18921 | Lair:5   | Noticed Snorg
 18930 | Lair:5   | Killed Snorg
 19435 | Lair:6   | Entered Level 6 of the Lair of Beasts
 19435 | Lair:6   | Found a viscous altar of Jiyva.
 19435 | Lair:6   | Found a staircase to the Slime Pits.
 19475 | Lair:6   | Reached skill level 5 in Dodging
 20112 | Lair:3   | Found a staircase to the Swamp.
 20810 | Lair:6   | Identified the ring "Erizaer" {rElec rN+ MP+9 Str-2 Int+4}
 20972 | Lair:6   | Reached XP level 15. HP: 83/112 MP: 0/0
 20972 | Lair:6   | Learned a level 6 spell: Starburst
 21403 | Lair:6   | Found the +8 trident of the Octopus King {venom, rElec
                  | rPois Will+}
 21809 | Lair:1   | Reached XP level 16. HP: 118/118 MP: 0/0
 22500 | D:11     | Identified the +6 hand axe of Vadamuv {protect, Int+2
                  | Stlth+}
 23332 | D:12     | Reached skill level 10 in Invocations
 24048 | D:13     | Identified the +9 battleaxe "Goohinim" {vorpal, Str+4}
 24115 | D:13     | Reached skill level 10 in Spellcasting
 24638 | D:14     | Found a gate to the Vaults.
 24887 | D:14     | Found a shimmering altar of Xom.
 24940 | D:15     | Entered Level 15 of the Dungeon
 25175 | D:15     | Found a staircase to the Depths.
 25196 | D:15     | Reached ****** piety under Makhleb
 25315 | D:15     | Noticed Agnes
 25328 | D:15     | Killed Agnes
 25436 | D:15     | Reached XP level 17. HP: 108/125 MP: 0/0
 25436 | D:15     | Learned a level 6 spell: Dispersal
 25535 | D:15     | Found a hide-covered altar of Uskayaw.
 25553 | D:15     | Reached skill level 16 in Unarmed Combat
 25577 | D:15     | Noticed Nessos
 25583 | D:15     | Killed Nessos
 25944 | Orc:1    | Entered Level 1 of the Orcish Mines
 26103 | Orc:1    | Found Neene's Distillery.
 26112 | Orc:1    | Bought a potion of curing for 39 gold pieces
 26112 | Orc:1    | Bought a potion of heal wounds for 65 gold pieces
 26112 | Orc:1    | Bought 2 potions of heal wounds for 130 gold pieces
 26112 | Orc:1    | Bought a potion of heal wounds for 65 gold pieces
 26112 | Orc:1    | Bought a potion of curing for 39 gold pieces
 26112 | Orc:1    | Bought a potion of heal wounds for 65 gold pieces
 26290 | Orc:2    | Entered Level 2 of the Orcish Mines
 26310 | Orc:2    | Found a staircase to the Elven Halls.
 26355 | Orc:2    | Noticed Jorgrun
 26357 | Orc:2    | Noticed an Executioner
 26543 | Spider:1 | Entered Level 1 of the Spider Nest
 27705 | Spider:1 | HP: 6/189 [wolf spider (18)]
 27705 | Spider:1 | Slain by a wolf spider

Illustrated notes

Levels and vault maps discovered:
D:1:      tarquinn_simple_flora_water_a, layout_basic, minmay_split_cup_small
D:2:      kb_forest_paths, layout_loops_ring, basic_altar,
          basic_ecumenical_altar, uniq_robin
D:3:      layout_basic, nicolae_tso_besieged_by_evil,
          mainiacjoe_overflow_six_doors_small, minmay_checkerbox, uniq_grinder
D:4:      layout_loops_ring, serial_shops, shop
D:5:      layout_basic, zin_purify, mainiacjoe_overflow_small_starburst,
          lemuel_coloured_pillars_altar, minmay_temple_entry_wispy,
          ebering_ghost_disaster_area, abandoned_shop
D:6:      layout_loops_cross, hellmonk_ghost_happy_afterlife
D:7:      layout_loops_ring, old_standard_altar, nicolae_overflow_hidden_temple,
          hangedman_decor_riveting, uniq_joseph, uniq_harold, uniq_pikel
D:8:      layout_gridville, erik_lair_island
D:9:      layout_roguey, lemuel_doored_altar, mainiacjoe_overflow_24_doors,
          special_room [special_room_bee], kennysheep_boxes
D:10:     layout_loops_ring, orc_0_dummy
D:11:     layout_basic, minmay_radiant
D:12:     gammafunk_mikee_crab_dinner, layout_basic, enter_bailey_2,
          serial_shops, shop, nicolae_benzene_ring, library_closet,
          cheibrodos_ashenzari_chains
D:13:     layout_basic, grunt_decor_junction
D:14:     layout_cave_pools, grunt_vaults_entry_fortified, xom_teletrap_fun,
          kennysheep_generic_room_2
D:15:     grunt_enter_depths_giant_problem, layout_loops_ring,
          nicolae_uskayaw_murder_on_the_dancefloor, uniq_agnes, uniq_nessos
Temple:   jpeg_temple_island
Lair:1:   layout_misc_corridors, grunt_megastairs_3, uniq_sonja
Lair:2:   layout_long_grid
Lair:3:   layout_loops_ring, nicolae_swamp_entry_splash_gauntlet,
          nicolae_spider_entry_orb_guardian
Lair:4:   layout_cave_pods, lemuel_fruit_tree, grunt_megastairs_1
Lair:5:   layout_cave_pods, minivault_23, beast_lair_carwin_9,
          serial_bayou_shore_b, uniq_snorg
Lair:6:   gammafunk_lair_ancient_temple, layout_gridlike, slime_altar_1,
          hangedman_lair_unloving_vines
Spider:1: layout_spider_delve
Spider:2: layout_spider_delve, uniq_arachne
Orc:1:    lemuel_ogre_cave, layout_caves, basic_altar, serial_shops, shop,
          roderic_batcave
Orc:2:    grunt_orc_tribal_feast, layout_diamond_mine, serial_shops,
          nicolae_square_shop, uniq_jorgrun, uniq_urug

Skill      XL: |  1  2  3  4  5  6  7  8  9 10 11 12 13 14 15 16 17 |
---------------+----------------------------------------------------+-----
Unarmed Combat | 3 4 5 6 7 9 11 12 14 15 16 | 16.2
Fighting       | 3 4 5 6 8 9 10 11 12 13 | 13.1
Spellcasting   | 3 4 5 6 7 8 9 10 | 10.5
Invocations    | 4 7 9 11 12 | 12.0
Dodging        | 4 6 7 9 |  9.8
Shields        | 1 4 |  4.0
Throwing       | |  0.7
Armour         | |  1.0

Action                   |  1- 3 |  4- 6 |  7- 9 | 10-12 | 13-15 | 16-18 || total
-------------------------+-------+-------+-------+-------+-------+-------++-------
Melee: Unarmed           |   136 |    81 |   177 |   279 |    86 |    66 ||   825
       Punch             |     1 |     2 |    10 |    15 |     2 |       ||    30
Throw: Dart              |     2 |       |       |       |       |       ||     2
       Throwing net      |     1 |       |     1 |     1 |       |     1 ||     4
       Boomerang         |       |       |     4 |       |     1 |       ||     5
 Cast: Blink             |     1 |       |     2 |    22 |       |     4 ||    29
       Gell's Gravitas   |     1 |       |       |       |       |       ||     1
       Shock             |       |    71 |   133 |    78 |    32 |     9 ||   323
       Stone Arrow       |       |       |    27 |   133 |   125 |   149 ||   434
       Iskenderun's Myst |       |       |       |    69 |   170 |   216 ||   455
       Manifold Assault  |       |       |       |    21 |       |       ||    21
       Lightning Bolt    |       |       |       |       |    77 |    38 ||   115
       Starburst         |       |       |       |       |       |    27 ||    27
Invok: Lesser Servant of |       |       |       |     3 |     8 |     3 ||    14
       Greater Servant o |       |       |       |       |       |     2 ||     2
Evoke: Wand              |       |       |       |    21 |     6 |     4 ||    31
  Use: Scroll            |     3 |       |    16 |     7 |     5 |     8 ||    39
       Potion            |       |     3 |     3 |     3 |     1 |     2 ||    12
 Stab: Petrified         |       |       |       |     5 |       |       ||     5
Armor: Leather armour    |    38 |    26 |    70 |   150 |    36 |    73 ||   393
       Skin              |       |     8 |     4 |     6 |       |       ||    18
Dodge: Dodged            |    75 |    46 |   117 |   255 |    88 |   175 ||   756
Block: Buckler           |       |       |       |       |    19 |    65 ||    84

Table legend: (Time is in decaauts)
 A = Elapsed time spent in this place.
 B = Non-inter-level travel time spent in this place.
 C = Inter-level travel time spent in this place.
 D = Time resting spent in this place.
 E = Time spent auto-exploring this place.
 F = Levels seen in this place.
 G = Mean time per level.
                   A        B        C        D        E       F      G
               +--------+--------+--------+--------+--------+-----+--------+
         Total |  27670 |  25734 |   1936 |   4259 |  15197 |  27 | 1024.8 |
       Dungeon |  18603 |  17196 |   1407 |   3352 |   9661 |  15 | 1240.2 |
        Temple |    524 |    487 |     37 |      0 |    483 |   1 |  524.0 |
          Lair |   6607 |   6177 |    430 |    476 |   4263 |   6 | 1101.2 |
   Spider Nest |   1100 |   1056 |     44 |    277 |    507 |   2 |  550.0 |
  Orcish Mines |    496 |    479 |     17 |     91 |    283 |   2 |  248.0 |
        Bailey |    337 |    337 |      0 |     63 |      0 |   1 |  337.0 |
               +--------+--------+--------+--------+--------+-----+--------+

Top non-repeatable levels by time:
     D:1: 2012 daAuts
     D:2: 1798 daAuts
     D:5: 1778 daAuts
    D:12: 1661 daAuts
  Lair:6: 1408 daAuts
     D:9: 1333 daAuts
  Lair:3: 1304 daAuts
     D:3: 1266 daAuts
     D:7: 1219 daAuts
     D:8: 1217 daAuts
  Lair:5: 1123 daAuts
     D:4: 1115 daAuts
  Lair:4: 1081 daAuts
Spider:1: 1025 daAuts
    D:11: 959 daAuts
